 Dungeon Crawl Stone Soup version 0.30-a0-272-gf98c3da03f (webtiles) character file.

Game seed: 6790165157416407491

297366 slphil the Warrior (level 22, -7/176 HPs)
             Began as a Djinni Fire Elementalist on Oct 15, 2022.
             Was the Champion of Makhleb.
             Killed by a resonance strike
             ... invoked by Zenata
              (40 damage)
             ... on level 1 of the Vaults.
             The game lasted 02:39:43 (36440 turns).

slphil the Warrior (Djinni Fire Elementalist)      Turns: 36440, Time: 02:39:44

Health: -7/176     AC: 21    Str: 10    XL:     22   Next: 24%
Gold:   2040       EV: 23    Int: 30    God:    Makhleb [******] SH: 12 Dex: 18

rFire   + + +      SeeInvis .    s - staff of conjuration
rCold   x . .      Faith    .    A - +3 buckler {AC+3}
rNeg    . . .      Spirit   .    U - +4 troll leather armour
rPois   ∞          Reflect  +    m - +2 helmet {Int+3}
rElec   +          Harm     .    R - +2 cloak {rCorr}
rCorr   +          Rampage  .    W - +2 pair of gloves {Str+3}
Will    ++++.                    (boots unavailable)
Stlth   +++.......               c - amulet of reflection
HPRegen 1.29/turn                g - ring "Toah Dan" {Will++ MP+9 Dex+3 Stlth+}
MPRegen 0.00/turn                p - ring of Xenaptaff {rElec rF+ EV+4}

@: flying
A: sickness immunity, fire resistance 2, cold vulnerability 1, float, innate
caster, HP casting, extra vitality 1, claws 1
}: 1/15 runes: decaying
a: Renounce Religion, Minor Destruction, Lesser Servant of Makhleb, Major
Destruction, Greater Servant of Makhleb


You were on level 1 of the Vaults.
You worshipped Makhleb.
Makhleb was exalted by your worship.
You visited 9 branches of the dungeon, and saw 35 of its levels.
You also visited: Bailey, Ice Cave and Volcano.

You collected 4541 gold pieces.
You spent 2501 gold pieces at shops.

Inventory:

Hand Weapons
 a - a +6 vorpal demon blade
 b - the +4 falchion of Breach {protect, rC+++}
   (You found it on level 11 of the Dungeon)

   It grants its wielder temporary protection when it strikes (+7 to AC).
   rC:        It renders you almost immune to cold.
Armour
 m - a +2 helmet of intelligence (worn)
 A - a +3 buckler of protection (worn)
 R - a +2 cloak of preservation (worn)
 T - a scarf of repulsion
 U - a +4 troll leather armour (worn)
 W - a +2 pair of gloves of strength (worn)
Magical Staves
 s - a staff of conjuration (weapon)
Jewellery
 c - an amulet of reflection (around neck)
 g - the ring "Toah Dan" (left hand) {Will++ MP+9 Dex+3 Stlth+}
   (You found it on level 4 of the Depths)

   [ring of magical power]

   Dex:       It affects your dexterity (+3).
   MP:        It affects your magic capacity (+9).
   Will:      It greatly increases your willpower.
   Stlth:     It makes you more stealthy.
 p - the ring of Xenaptaff (right hand) {rElec rF+ EV+4}
   (You acquired it in a bailey)

   [ring of evasion]

   EV:        It affects your evasion (+4).
   rF:        It protects you from fire.
   rElec:     It insulates you from electricity.
 O - a ring of protection from cold
 V - a +6 ring of intelligence
 X - a ring of protection from fire
Wands
 l - a wand of mindburst (12)
 q - a wand of polymorph (13)
 w - a wand of paralysis (42)
 x - a wand of iceblast (31)
 K - a wand of light (44)
 L - a wand of digging (9)
Scrolls
 k - 8 scrolls of teleportation
 n - a scroll of enchant weapon
 r - 6 scrolls of poison
 y - 3 scrolls of fear
 B - 5 scrolls of vulnerability
 D - 4 scrolls of enchant armour
 E - 2 scrolls of butterflies
 F - a scroll of magic mapping
 H - 7 scrolls of immolation
 J - a scroll of blinking
 P - 3 scrolls of silence
Potions
 d - 7 potions of haste
 e - 8 potions of heal wounds
 f - 2 potions of cancellation
 j - 2 potions of invisibility
 o - 14 potions of curing
 v - 6 potions of mutation
 G - 8 potions of lignification
 M - 2 potions of brilliance
 N - 3 potions of ambrosia
 S - 3 potions of berserk rage
 Z - 6 potions of resistance
Miscellaneous
 i - a condenser vane
 Y - a phial of floods


   Skills:
 + Level 20.9 Fighting
 - Level 8.0 Long Blades
 + Level 6.2 Armour
 + Level 12.8 Dodging
 - Level 1.5 Stealth
 * Level 17.7 Spellcasting
 + Level 12.1 Invocations
 - Level 5.5 Evocations


You couldn't memorise any spells.
You knew the following spells:

 Your Spells              Type           Power      Damage    Failure   Level
a - Foxfire               Conj/Fire      100%       2x1d9     0%          1
b - Scorch                Fire           100%       2d10      0%          2
c - Kindle Blastsparks    Fire/Tloc/Air  100%       2d18      0%          3
d - Inner Flame           Hex/Fire       93%        N/A       0%          3
e - Flame Wave            Conj/Fire      100%       2d21      1%          4
f - Apportation           Tloc           100%       N/A       0%          1
g - Momentum Strike       Conj/Tloc      100%       3d10      0%          2
h - Tukima's Dance        Hex            93%        N/A       0%          3
i - Dispel Undead         Necr           93%        3d29      1%          4
j - Petrify               Tmut/Erth      93%        N/A       1%          4
k - Iskenderun's Battles  Conj           100%       2d15      1%          5
l - Dispersal             Tloc           46%        N/A       1%          6
m - Storm Form            Tmut/Air       46%        N/A       1%          7
n - Haunt                 Necr/Summ      46%        N/A       1%          7
o - Orb of Destruction    Conj           57%        9d14      1%          7
Your spell library was empty.

Dungeon Overview and Level Annotations

Branches:
Dungeon (15/15)            Temple (1/1) D:6            Lair (5/5) D:10
  Swamp (4/4) Lair:3       Spider (1/4) Lair:2        Slime (0/5) Lair:4
    Orc (2/2) D:10            Elf (1/3) Orc:2        Vaults (2/5) D:14
 Depths (4/4) D:15         Bailey (visited)           IceCv (visited)
Volcano (visited)
  Crypt: Vaults:2-3     Zot: Depths:4

Altars:
Ashenzari
Cheibriados
Dithmenos
Elyvilon
Fedhas
Gozag
Hepliaklqana
Makhleb
Nemelex Xobeh
Okawaru
Qazlal
Ru
Trog
Uskayaw
Wu Jian
Xom
Yredelemnul
Zin
The Shining One
Jiyva

Shops:
D:6 *[[?   D:9 [*   D:12 [   Orc:1 [   Orc:2 :*[(   Vaults:1 *   Depths:1 ?[
Depths:4 [[?:[(

Portals:
Hell: Lair:5 Depths:1 Depths:2 Depths:3
Abyss: Depths:3
Pandemonium: Depths:2 Depths:3
Ziggurat: Depths:1

Annotations:
Lair:4 3 runed translucent doors, glaedl's ghost, journeyman TrFi
Vaults:1 Zenata


Innate Abilities, Weirdness & Mutations

You are immune to sickness and miasma.
You are immune to poison.
Your flesh is very heat resistant. (rF++)
You are vulnerable to cold. (rC-)
You float through the air rather than walking.
You learn spells naturally, not from books.
Your magical power is your life essence.
You have superior vitality. (+4 MHP)
You have sharp fingernails.


Message History

The flame wave engulfs the +0 long sword of holy wrath.
The +0 long sword of holy wrath resists.
The +0 long sword of holy wrath is lightly damaged.
The flame wave engulfs Zenata!!
Zenata is almost dead.
The flame wave engulfs the +2 glaive of freezing.
The +2 glaive of freezing resists.
The +2 glaive of freezing is lightly damaged.
The flame wave engulfs the +4 glaive of flaming.
The +4 glaive of flaming resists.
The +4 glaive of flaming is lightly damaged.
You block the +2 flail of protection's attack.
The +0 long sword of holy wrath hits you!
The +4 glaive of flaming hits you from afar.
The +2 glaive of freezing hits you from afar.
The +2 glaive of freezing freezes you.
You block the +2 flail of protection's attack.
The +0 long sword of holy wrath barely misses you.
The +4 glaive of flaming hits you from afar!
The +4 glaive of flaming burns you.
The +2 glaive of freezing hits you but does no damage.
The +2 flail of protection misses you.
You block the +0 long sword of holy wrath's attack.
Zenata sends weapons flying into battle!
The +4 glaive of flaming disappears in a puff of smoke!
The +2 flail of protection hits you!
* * * LOW HITPOINT WARNING * * *
You block the +0 long sword of holy wrath's attack.
The +3 vorpal trident hits you.
* * * LOW HITPOINT WARNING * * *
x2 The +2 glaive of freezing misses you.
The +2 flail of protection hits you.
* * * LOW HITPOINT WARNING * * *
You block the +0 long sword of holy wrath's attack.
The +2 flail of draining hits you.
* * * LOW HITPOINT WARNING * * *
You block the +3 vorpal trident's attack.
The +2 glaive of freezing completely misses you.
Zenata points at you and mumbles some strange words.
A blast of power from the earth and the adjacent constructs strikes you!
You die...

#...a...#..........'..#
##.......############..##########
..............a..................
.............########a...........
.............#......#..##########
########.....#......#..#
.......#.....#....§.#..#
.......#.....#..((a.#..#
.......#.....#..@((.#..# ####
.......#.....#..(())#..# #...
.......#.....#......'..# ##..
.>.....#.....#......#.)# #..
.......#.....########))# ##.
.......+............[[.# #.
########...............# ##
........[..............# #
.......................# #


You could see Zenata and 6 dancing weapons.

Vanquished Creatures
  A juggernaut (Depths:4)
  Margery (Depths:1)
  A bone dragon (Depths:3)
  3 doom hounds (Depths:3)
  A Tzitzimitl (Depths:2)
  A tentacled monstrosity (Swamp:3)
  2 liches
  Grunn (Depths:3)
  Kirke (D:14)
  2 thorn hunters
  5 fenstrider witches (Swamp:4)
  5 fire giants
  4 frost giants
  Louise (Swamp:1)
  2 vault wardens (Vaults:1)
  3 ironbound preservers (Vaults:1)
  2 reapers
  15 very ugly things
  5 stone giants
  A putrid mouth (Depths:3)
  10 eleionomae
  A dire elephant (Lair:5)
  5 spark wasps
  Snorg (Lair:4)
  4 bunyips
  4 ettins
  A blizzard demon (Swamp:4)
  A merfolk impaler (Depths:2)
  3 fire dragons
  Josephine (D:12)
  2 yaktaur captains
  A great orb of eyes (Vaults:1)
  4 vault guards (D:14)
  5 ice dragons
  8 hydras
  2 rakshasas
  4 spriggan air magi
  6 alligators
  4 boulder beetles
  9 centaur warriors
  2 ironbound frosthearts (Vaults:1)
  3 ogre magi
  3 two-headed ogres
  4 death yaks (Lair:5)
  4 tengu warriors
  4 deep troll shamans (Depths:3)
  7 spriggan berserkers
  4 orc high priests
  9 deep troll earth magi
  5 hell knights (Depths:1)
  A deep elf knight (Elf:1)
  A death drake (Swamp:3)
  3 skeletal warriors (D:15)
  A sixfirhy (Swamp:4)
  6 iron trolls
  38 deep trolls
  5 goliath frogs
  An orb spider (Lair:2)
  A glowing orange brain (Depths:2)
  5 swamp dragons
  6 wizards
  A bog body (Swamp:1)
  A flayed ghost (Depths:2)
  7 orc knights
  4 spriggan druids
  3 necromancers
  4 ironbound convokers
  5 harpies (Vaults:1)
  3 deep elf zephyrmancers
  The ghost of DepotDays the Destroyer, a novice DECj of Vehumet (D:7)
  A will-o-the-wisp (Swamp:3)
  2 deep elf pyromancers
  6 orc sorcerers
  5 cyclopes
  18 elephants
  5 black mambas
  2 water nymphs (Swamp:2)
  7 ugly things
  3 vault sentinels
  Maurice (D:13)
  A naga mage (D:15)
  2 centaur skeletons (D:15)
  2 molten gargoyles (D:15)
  2 ice statues (IceCv)
  An unseen horror (D:10)
  5 cane toads (Lair:5)
  2 kobold demonologists
  2 orange demons
  5 rime drakes
  A demonic crawler (Spider:1)
  5 komodo dragons
  9 ice devils
  A tengu conjurer (D:14)
  9 yaktaurs (Vaults:1)
  A tormentor (Depths:3)
  7 trolls
  A bloated husk (Swamp:2)
  5 polar bears
  9 hornets
  Grinder (D:6)
  A wolf spider simulacrum (D:13)
  A meliai (shapeshifter) (D:14)
  5 tyrant leeches
  The ghost of Darkkill the Shooter, an amateur HuHu of Xom (D:4)
  33 slime creatures
  16 blink frogs
  A jumping spider (Spider:1)
  11 spriggans
  3 vampires
  2 shadows
  2 culicivoras (Spider:1)
  4 wraiths
  Eustachio (D:5)
  51 yaks
  6 wyverns
  8 water elementals
  3 hogs (D:14)
  3 humans
  A large abomination (Depths:4)
  6 basilisks
  14 vampire mosquitoes
  A human (shapeshifter) (D:13)
  2 steam dragons (D:10)
  A redback (Spider:1)
  12 swamp worms
  2 harpy simulacra (IceCv)
  3 wargs
  4 acid dragons
  A floating eye (shapeshifter) (Depths:4)
  15 water moccasins
  2 hell hounds (Lair:5)
  2 nameless horrors
  2 ice beasts
  49 orc warriors
  2 sky beasts
  4 swamp drakes
  A black bear (D:6)
  12 ogres
  3 wolves
  6 centaurs
  16 bullfrogs
  2 necrophages
  4 kobold brigands
  A small abomination (Depths:3)
  A gnoll sergeant (D:7)
  2 two-headed ogre simulacra (IceCv)
  A scorpion (D:6)
  3 cane toad simulacra (IceCv)
  16 wights
  3 elephant simulacra (IceCv)
  6 killer bees (D:9)
  10 electric eels
  A lava snake (D:15)
  14 howler monkeys
  7 hounds
  5 jellies
  33 orc priests
  3 gnoll boudas
  Ijyb (D:5)
  2 iguanas
  31 orc wizards
  2 boggart zombies (D:15)
  4 spriggan simulacra (IceCv)
  2 troll simulacra (IceCv)
  A wolf simulacrum (IceCv)
  2 centaur simulacra (D:4)
  A boggart simulacrum (D:13)
  27 gnolls
  A naga simulacrum (IceCv)
  12 adders
  9 white imps
  A howler monkey simulacrum (D:4)
  An ufetubus (IceCv)
  3 dart slugs
  An adder simulacrum (D:4)
  79 orcs
  4 endoplasms
  6 giant cockroaches
  19 goblins
  10 hobgoblins
  8 jackals
  19 kobolds
  3 quokkas
  5 ball pythons
  6 bats
  A frilled lizard (D:2)
  A quokka simulacrum (D:4)
  8 rats
  A bush (Lair:5)
1092 creatures vanquished.

Vanquished Creatures (collateral kills)
  A lich (Depths:3)
  2 thorn hunters
  A fenstrider witch (Swamp:3)
  A tengu reaver (Depths:1)
  A frost giant (Depths:1)
  A vault warden (Vaults:1)
  An orc warlord (Orc:2)
  An ironbound preserver (Vaults:1)
  A stone giant (Depths:1)
  2 ghouls (Swamp:4)
  A reaper (Swamp:4)
  3 very ugly things (Vaults:1)
  A fire dragon (Depths:1)
  A shambling mangrove (Swamp:4)
  2 ogre magi (Swamp:4)
  A ghost crab (Swamp:4)
  2 hydras
  2 deep troll shamans
  2 deep troll earth magi (Depths:3)
  A vampire mage (Vaults:2)
  A sun demon (Lair:5)
  A spriggan berserker (Swamp:4)
  An iron troll (Depths:1)
  A spriggan druid (Swamp:3)
  4 deep trolls
  A steelbarb worm (Spider:1)
  A deep elf archer (Elf:1)
  2 orc sorcerers (Swamp:4)
  A deep elf pyromancer (Elf:1)
  An ugly thing (Vaults:1)
  2 molten gargoyles (D:15)
  An orange demon (Lair:5)
  A yaktaur (Vaults:1)
  2 hellwings
  2 red devils (Lair:5)
  3 tyrant leeches
  A hornet (Swamp:4)
  A spriggan (Swamp:4)
  A water elemental (Depths:1)
  A vampire mosquito (Swamp:4)
  3 neqoxecs (Swamp:4)
  2 swamp worms
  A hell hound (Lair:5)
  2 wolves (Lair:5)
  6 foxfires
71 creatures vanquished.

Vanquished Creatures (others)
  A rakshasa (Depths:1)
  2 bloated husks (Swamp:4)
  A spriggan (Swamp:4)
  A centaur (D:15)
  2 orc wizards (Orc:2)
  3212 foxfires
  14 fungi
  29 plants
3262 creatures vanquished.

Grand Total: 4425 creatures vanquished

Notes
Turn   | Place    | Note
-------+----------+-------------------------------------------
     0 | D:1      | slphil the Djinni Fire Elementalist began the quest for the
                  | Orb.
     0 | D:1      | slphil set off with the following spells memorised:
                  | Foxfire, Scorch, Kindle Blastsparks, Inner Flame, Flame
                  | Wave.
     0 | D:1      | Reached XP level 1. HP: 15/15 MP: 0/0
   233 | D:1      | Reached XP level 2. HP: 20/22 MP: 0/0
   235 | D:1      | Reached skill level 1 in Fighting
   378 | D:1      | Found a faded altar of an unknown god.
   851 | D:1      | Reached XP level 3. HP: 21/27 MP: 0/0
   851 | D:1      | Learned a level 1 spell: Apportation
  1196 | D:2      | Reached skill level 2 in Fighting
  1236 | D:2      | Reached XP level 4. HP: 24/33 MP: 0/0
  2305 | D:3      | Reached XP level 5. HP: 37/40 MP: 0/0
  2305 | D:3      | Learned a level 2 spell: Momentum Strike
  2310 | D:3      | Reached skill level 3 in Fighting
  2951 | D:4      | Found a runed translucent gate.
  2952 | D:4      | Found a runed translucent gate.
  2954 | D:4      | Found a runed translucent gate.
  3097 | D:4      | Noticed an ogre
  3104 | D:4      | Killed an ogre
  3105 | D:4      | Reached skill level 4 in Fighting
  3105 | D:4      | Reached XP level 6. HP: 12/47 MP: 0/0
  3328 | D:4      | Noticed Darkkill's ghost (amateur HuHu)
  3455 | D:4      | Reached XP level 7. HP: 50/53 MP: 0/0
  3455 | D:4      | Learned a level 3 spell: Tukima's Dance
  3595 | D:4      | Found a snail-covered altar of Cheibriados.
  4067 | D:5      | Entered Level 5 of the Dungeon
  4067 | D:5      | Noticed Eustachio
  4067 | D:5      | Noticed Ijyb
  4195 | D:5      | Reached skill level 5 in Fighting
  4195 | D:5      | Killed Ijyb
  4606 | D:5      | Reached skill level 5 in Spellcasting
  4702 | D:5      | Killed Eustachio
  4703 | D:5      | Reached skill level 6 in Fighting
  4703 | D:5      | Reached XP level 8. HP: 25/61 MP: 0/0
  5058 | D:6      | Noticed Grinder
  5104 | D:6      | Killed Grinder
  5105 | D:6      | Reached skill level 7 in Fighting
  5105 | D:6      | Reached XP level 9. HP: 53/68 MP: 0/0
  5105 | D:6      | Learned a level 4 spell: Dispel Undead
  5218 | D:6      | Found a staircase to the Ecumenical Temple.
  5227 | Temple   | Entered the Ecumenical Temple
  5245 | Temple   | Became a worshipper of Makhleb the Destroyer
  5320 | D:6      | Reached skill level 8 in Fighting
  5355 | D:6      | Found Taq Nere's Assorted Antiques.
  5404 | D:6      | Found Timexzou's Armour Shoppe.
  5725 | D:6      | Found Tofus's Magic Scroll Shoppe.
  5755 | D:6      | Found Zaamyuj's Antique Armour Boutique.
  5781 | D:6      | Found a broken altar of Ashenzari.
  5943 | D:6      | Bought a pitted ring mail for 270 gold pieces
  5943 | D:6      | Identified the +1 ring mail of the Alphagorgon {rCorr SInv}
                  | (You bought it in a shop on level 6 of the Dungeon)
  5989 | D:7      | Reached skill level 1 in Invocations
  6122 | D:7      | Reached * piety under Makhleb
  6343 | D:7      | Noticed DepotDays's ghost (novice DECj)
  6347 | D:7      | Found a transporter.
  6349 | D:7      | Identified the +6 great mace "Jyaquv" {flame, Fly rElec
                  | Int+2 Stlth-}
  6349 | D:7      | Noticed a two-headed ogre
  6364 | D:7      | Reached skill level 9 in Fighting
  6364 | D:7      | Reached XP level 10. HP: 67/78 MP: 0/0
  6586 | D:7      | Found a transporter.
  6701 | D:7      | Reached ** piety under Makhleb
  6796 | D:7      | Noticed a cyclops
  7221 | D:7      | Reached skill level 10 in Fighting
  7229 | D:7      | Killed a cyclops
  7433 | D:7      | Noticed a two-headed ogre
  7440 | D:7      | Killed a two-headed ogre
  7518 | D:7      | Reached XP level 11. HP: 86/86 MP: 0/0
  7518 | D:7      | Learned a level 4 spell: Petrify
  8042 | D:7      | Found a blossoming altar of Fedhas.
  8154 | D:8      | Identified a scroll of acquirement
  8155 | D:8      | Reached *** piety under Makhleb
  8166 | D:8      | Reached skill level 11 in Fighting
  8280 | D:8      | Found an iron altar of Okawaru.
  8289 | D:8      | Reached skill level 5 in Invocations
  9060 | D:9      | Found Atoiqe's Neck Hole.
  9068 | D:9      | Bought a scarf of repulsion for 180 gold pieces
  9613 | D:9      | Found Vuhocud's Antique Armour Boutique.
  9642 | D:10     | Entered Level 10 of the Dungeon
  9656 | D:10     | Acquired 1093 gold pieces
  9664 | D:9      | Bought a runed orb for 324 gold pieces
  9665 | D:9      | Bought a shiny helmet for 202 gold pieces
  9903 | D:10     | Reached **** piety under Makhleb
  9920 | D:10     | Found a staircase to the Lair.
 10053 | D:10     | Found a flagged portal.
 10072 | Bailey   | Entered a bailey
 10339 | Bailey   | Reached skill level 12 in Fighting
 10568 | Bailey   | Acquired the ring of Xenaptaff {rElec rF+ EV+4}
 10667 | Bailey   | Noticed an orc knight
 10676 | Bailey   | Killed an orc knight
 10677 | Bailey   | Reached XP level 12. HP: 52/95 MP: 0/0
 10998 | Bailey   | Found an iron altar of Okawaru.
 11003 | Bailey   | Noticed a soul eater
 11151 | Bailey   | Identified the +4 great mace "Zitaesom" {distort, rPois rF+
                  | MP+9 Int+6}
 11314 | D:10     | Reached skill level 10 in Spellcasting
 11315 | D:10     | Reached ***** piety under Makhleb
 11346 | D:10     | Found a staircase to the Orcish Mines.
 11429 | D:10     | Found an opulent altar of Gozag.
 11920 | Lair:1   | Entered Level 1 of the Lair of Beasts
 12038 | Lair:1   | Reached XP level 13. HP: 102/102 MP: 0/0
 12038 | Lair:1   | Learned a level 5 spell: Iskenderun's Battlesphere
 12884 | Lair:2   | Found a hole to the Spider Nest.
 12916 | Lair:2   | Reached skill level 13 in Fighting
 13025 | Lair:2   | Noticed a seven-headed hydra
 13039 | Lair:2   | Killed a seven-headed hydra
 13534 | Lair:3   | Found a staircase to the Swamp.
 13647 | Lair:3   | Noticed an eight-headed hydra
 13653 | Lair:3   | Killed an eight-headed hydra
 13872 | Lair:3   | Noticed a four-headed hydra
 13879 | Lair:3   | Killed a four-headed hydra
 14270 | Lair:4   | Reached XP level 14. HP: 109/111 MP: 0/0
 14274 | Lair:4   | Noticed Snorg
 14433 | Lair:4   | Noticed glaedl's ghost (journeyman TrFi)
 14434 | Lair:4   | Noticed a minotaur
 14456 | Lair:4   | Killed Snorg
 14462 | Lair:4   | Reached skill level 14 in Fighting
 14705 | Lair:4   | Found a viscous altar of Jiyva.
 14707 | Lair:4   | Found a staircase to the Slime Pits.
 14760 | Lair:4   | Found a runed translucent gate.
 14760 | Lair:4   | Found a runed translucent gate.
 14760 | Lair:4   | Found a runed translucent gate.
 14766 | Lair:4   | Identified the +8 chain mail "Kiho" {Regen+ Int+4}
 15466 | D:4      | Killed Darkkill's ghost
 15562 | D:7      | Killed DepotDays's ghost
 15574 | D:7      | Identified the +1 plate armour "Jettoetso" {rElec Will+
                  | Int-2 Dex+7}
 15622 | D:6      | Bought a scroll of identify for 20 gold pieces
 15622 | D:6      | Bought a scroll of identify for 20 gold pieces
 15622 | D:6      | Bought a scroll of identify for 20 gold pieces
 15622 | D:6      | Bought a scroll of teleportation for 30 gold pieces
 15622 | D:6      | Bought a scroll of teleportation for 30 gold pieces
 15848 | Lair:5   | Entered Level 5 of the Lair of Beasts
 15932 | Lair:5   | Found a dark tunnel.
 15940 | Volcano  | Entered a volcano
 16159 | Lair:5   | Reached skill level 15 in Fighting
 16165 | Lair:5   | Reached ****** piety under Makhleb
 16300 | Lair:5   | Reached XP level 15. HP: 120/120 MP: 0/0
 16300 | Lair:5   | Learned a level 6 spell: Dispersal
 16624 | Lair:5   | Found a burning altar of Makhleb.
 17085 | Lair:5   | Found a gateway to Hell.
 17556 | Orc:1    | Entered Level 1 of the Orcish Mines
 17601 | Orc:1    | Found Xamo's Armour Emporium.
 17798 | Orc:2    | Entered Level 2 of the Orcish Mines
 17943 | Orc:2    | Paralysed by an orc sorcerer for 3 turns
 17958 | Orc:2    | Reached skill level 16 in Fighting
 18090 | Orc:2    | Noticed an orc warlord
 18221 | Orc:2    | Paralysed by an orc sorcerer for 3 turns
 18311 | D:11     | Identified the +4 falchion of Breach {protect, rC+++}
 18537 | D:11     | Reached skill level 10 in Invocations
 19177 | D:12     | Noticed Josephine
 19186 | D:12     | Killed Josephine
 19355 | D:12     | Found Uwyudeen's Antique Armour Shoppe.
 19359 | D:12     | Bought a pearl-encrusted ring mail for 288 gold pieces
 19359 | D:12     | Identified the +7 ring mail of Inaction {rPois rF+ Will+}
                  | (You bought it in a shop on level 12 of the Dungeon)
 19596 | D:12     | Reached skill level 5 in Evocations
 19596 | D:12     | Reached XP level 16. HP: 129/129 MP: 0/0
 19597 | D:12     | Reached skill level 17 in Fighting
 19597 | D:12     | Reached XP level 17. HP: 136/136 MP: 0/0
 19597 | D:12     | Learned a level 7 spell: Storm Form
 19982 | D:13     | Reached XP level 18. HP: 88/142 MP: 0/0
 20185 | D:13     | Noticed Maurice
 20196 | D:13     | Killed Maurice
 20328 | D:13     | Found a frozen archway.
 20354 | IceCv    | Entered an ice cave
 21488 | Orc:2    | Found a staircase to the Elven Halls.
 21766 | Orc:2    | Found Qigoloz's General Store.
 21767 | Orc:2    | Found Alitt's Book Shop.
 21769 | Orc:2    | Found Ado Rose's Antique Armour Boutique.
 21769 | Orc:2    | Found Ytaqof's Antique Weapon Boutique.
 21795 | Orc:2    | Bought a warped robe for 228 gold pieces
 21795 | Orc:2    | Identified the +2 robe "Saxaum" {Rampage Will+ rCorr} (You
                  | bought it in a shop on level 2 of the Orcish Mines)
 22301 | D:14     | Noticed Kirke
 22310 | D:14     | Killed Kirke
 22834 | D:14     | Found a gate to the Vaults.
 23066 | D:15     | Entered Level 15 of the Dungeon
 23136 | D:15     | Reached skill level 18 in Fighting
 23466 | D:15     | Gained mutation: You have sharp fingernails. [a cacodemon]
 23765 | D:15     | Found a staircase to the Depths.
 24182 | Swamp:1  | Entered Level 1 of the Swamp
 24367 | Swamp:1  | Noticed Louise
 24376 | Swamp:1  | Killed Louise
 24964 | Orc:2    | Bought a pair of runed gloves for 300 gold pieces
 25224 | Swamp:2  | Reached skill level 15 in Spellcasting
 25351 | Swamp:2  | Reached XP level 19. HP: 116/152 MP: 0/0
 25351 | Swamp:2  | Learned a level 7 spell: Haunt
 25749 | Swamp:3  | Noticed a tentacled monstrosity
 25761 | Swamp:3  | Killed a tentacled monstrosity
 25762 | Swamp:3  | Reached skill level 19 in Fighting
 26655 | Swamp:4  | Entered Level 4 of the Swamp
 27012 | Swamp:4  | Reached skill level 10 in Dodging
 27672 | Swamp:4  | Paralysed by something for 3 turns
 27853 | Swamp:4  | Got a decaying rune of Zot
 28001 | Spider:1 | Entered Level 1 of the Spider Nest
 28382 | Elf:1    | Entered Level 1 of the Elven Halls
 28391 | Elf:1    | Reached skill level 1 in Long Blades
 28452 | Elf:1    | Reached XP level 20. HP: 162/162 MP: 0/0
 28459 | Orc:2    | Upgraded the game from 0.30-a0-269-gf0224bf7b6 to
                  | 0.30-a0-272-gf98c3da03f
 28679 | Vaults:1 | Entered Level 1 of the Vaults
 29326 | Vaults:1 | Reached skill level 5 in Long Blades
 30157 | Vaults:1 | Noticed Zenata
 30479 | Vaults:1 | Reached skill level 20 in Fighting
 30666 | Vaults:1 | Found Gozag's Assorted Antiques.
 31323 | Depths:1 | Entered Level 1 of the Depths
 31673 | Depths:1 | Found Zanlicza's Antique Armour Emporium.
 31725 | Depths:1 | Reached skill level 1 in Armour
 32354 | Depths:1 | Reached XP level 21. HP: 125/168 MP: 0/0
 32354 | Depths:1 | Learned a level 7 spell: Orb of Destruction
 32426 | Depths:1 | Found a one-way gateway to a ziggurat.
 32503 | Depths:1 | Noticed Margery
 32511 | Depths:1 | Killed Margery
 32747 | Depths:1 | Found Noruthruc's Magic Scroll Shoppe.
 32755 | Depths:1 | Bought a scroll of teleportation for 63 gold pieces
 33710 | Depths:2 | Found a one-way gate leading to the halls of Pandemonium.
 33794 | Depths:3 | Noticed Grunn
 33794 | Depths:3 | Noticed a doom hound
 33794 | Depths:3 | Noticed a doom hound
 34009 | Depths:3 | Killed a doom hound
 34010 | Depths:3 | Noticed a doom hound
 34011 | Depths:3 | Noticed a bone dragon
 34080 | Depths:3 | Noticed a Tzitzimitl
 34253 | Depths:2 | Killed a Tzitzimitl
 34506 | Depths:3 | Killed a bone dragon
 34510 | Depths:3 | Killed Grunn
 34511 | Depths:3 | Reached skill level 5 in Armour
 34513 | Depths:3 | Killed a doom hound
 34518 | Depths:3 | Killed a doom hound
 34871 | Depths:3 | Found a one-way gate to the infinite horrors of the Abyss.
 35024 | Depths:3 | Reached XP level 22. HP: 85/176 MP: 0/0
 35561 | Depths:4 | Entered Level 4 of the Depths
 35576 | Depths:4 | Identified the ring "Toah Dan" {Will++ MP+9 Dex+3 Stlth+}
 35577 | Depths:4 | Noticed a juggernaut
 35599 | Depths:4 | Killed a juggernaut
 35754 | Depths:4 | Found Wyrodof's Antique Weapon Emporium.
 35755 | Depths:4 | Found Acsiczeuxt's Book Shoppe.
 35761 | Depths:4 | Found Iroutaog's Antique Armour Boutique.
 35761 | Depths:4 | Found Jamisim's Magic Scroll Shop.
 35793 | Depths:4 | Found Plog's Armour Boutique.
 35793 | Depths:4 | Found Fioviet's Armour Emporium.
 35797 | Depths:4 | Bought a runed helmet for 202 gold pieces
 35799 | Depths:4 | Bought a scroll of enchant armour for 135 gold pieces
 35799 | Depths:4 | Bought a scroll of enchant weapon for 135 gold pieces
 35799 | Depths:4 | Bought a scroll of teleportation for 54 gold pieces
 36440 | Vaults:1 | Killed from afar by Zenata

Illustrated notes

Levels and vault maps discovered:
D:1:      dpeg_arrival_fog, layout_basic, ebering_ecumenical_altar_petrified,
          minmay_tripent
D:2:      kb_forest_paths, layout_loops_ring, minmay_stone_trees_small
D:3:      layout_basic, minmay_misc_feat_tower
D:4:      minmay_chambers_of_threes, layout_layer_cave, general_overflow_altar,
          gammafunk_ghost_icy, lightli_corner_chamber
D:5:      layout_basic, kennysheep_little_box, uniq_eustachio, uniq_ijyb
D:6:      layout_rooms, lemuel_doored_altar,
          minmay_temple_entry_enclosed_plants, serial_shops,
          kennysheep_mini_moat, nicolae_stop_n_shop_1, nicolae_shop_waterfront,
          shop, uniq_grinder
D:7:      lemuel_castle_with_subvaults [lemuel_castle_interior_original],
          layout_cave_pools, mainiacjoe_overflow_cross_hatched,
          mainiacjoe_overflow_24_doors, gammafunk_ghost_smash
D:8:      layout_loops_cross, okawaru_humans
D:9:      layout_big_octagon, serial_shops, nicolae_square_shop,
          nicolae_shop_sticking_my_neck_out
D:10:     layout_rooms, nicolae_gozag_seed_capital, erik_lair_dragon,
          david_orc_2, enter_bailey_7
D:11:     layout_basic
D:12:     layout_basic, serial_shops, shop, uniq_josephine
D:13:     layout_basic, serial_ice, serial_ice_l, serial_ice_d, serial_ice_a,
          serial_ice_g, portal_ice_cave_entry_animals_and_master, uniq_maurice
D:14:     layout_small_grid, grunt_vaults_entry_fortified, uniq_kirke
D:15:     grunt_enter_depths_magical_seal, layout_basic,
          minmay_misc_feat_hallway, minivault_8
Temple:   hellmonk_temple_two_chambers
Lair:1:   layout_regular_city
Lair:2:   layout_regular_city, nicolae_spider_entry_orb_guardian
Lair:3:   layout_cave_pods, minmay_swamp_entry_swarm
Lair:4:   layout_cave_shapes, minmay_slime_entry_pillars,
          maelrawn_ghost_gauntlet_escape, serial_bayou_lagoon_b,
          grunt_megastairs_5, uniq_snorg
Lair:5:   evil_forest, layout_cave_pods, lightli_volcano_entry_magma_tube,
          infiniplex_staircase_pool
Swamp:1:  layout_basic_swamp, nicolae_swamp_trees_clearing, swamp_pool5,
          uniq_louise
Swamp:2:  layout_basic_swamp, evilmike_swamp_ruin_house_3,
          nicolae_swamp_nymph_family_reunion
Swamp:3:  layout_falls_marsh, serial_swamp_ruin, evilmike_swamp_ruin_house_4,
          evilmike_swamp_ruin_rubble_2, evilmike_swamp_ruin_house_5,
          hangedman_swamp_lotus, swamp_pool1
Swamp:4:  nzn_swamp_witches_coven, layout_basic_swamp, swamp_pool1
Spider:1: layout_cave_pods, nicolae_spider_twisty_arc_passages
Orc:1:    layout_caves, basic_altar, serial_shops, nicolae_shop_hallway_plus
Orc:2:    st_orc_congregation, layout_caves, basic_altar, nicolae_orc_rockfall
Elf:1:    layout_geoelf_octagon, serial_shops, shop, nicolae_shop_crystal,
          nicolae_shop_crystal, kennysheep_underground_church,
          dk_noncrumbling_4, minmay_the_grid_square_5x5_3x3_mashed
          [minmay_the_grid_square_5x5_plus, minmay_the_grid_square_5x5_slash,
          minmay_the_grid_square_5x5_shrine1, minmay_the_grid_square_5x5_spiral,
          minmay_the_grid_square_5x5_megaprize_crossed,
          minmay_the_grid_square_5x5_spiral_small,
          minmay_the_grid_square_5x5_eight_small, minmay_the_grid_square_5x5_c,
          minmay_the_grid_square_5x5_lines]
Vaults:1: kennysheep_vaults_gozag_temple, vaults_room_grid, grunt_vaults_funnel,
          nicolae_vaults_shelves_hall, grunt_vaults_hallway_short, v_misc_19,
          nicolae_vaults_angled_halls, layout_vaults_quadrants, uniq_zenata
Vaults:2: dpeg_vaults_pockets_of_resistance, minmay_crypt_entry_simple_round,
          nicolae_vaults_alarming, vaults_mumra_hexcomb, v_misc_10,
          nicolae_vaults_theta, ontoclasm_vaults_spin, v_misc_26, serial_ice_g,
          ontoclasm_vaults_gateway, nicolae_vaults_theta, ontoclasm_vaults_chip,
          vaults_room_semicircle, layout_vaults_big_room, serial_shops,
          nicolae_shop_waterfront
Depths:1: layout_gridlike, enter_ziggurat_f, grunt_decor_clamped,
          grunt_metal_band, serial_shops, kennysheep_mini, nicolae_shop_trees,
          grunt_ministairs_11, wad_rectangle_vault
Depths:2: kennysheep_funnel, layout_cave_pools, pf_coc_iceberg,
          rand_demon_pan_entry_8
Depths:3: nicolae_cairo_tiling, layout_gridlike, rand_demon_pan_entry_1,
          hell_entry, abyss_entry, corexii_corridor_pit, uniq_grunn
Depths:4: evilmike_zot_entry_castle, layout_basic, hangedman_decor_riveting,
          hell_entry, minmay_room_of_horrors, nicolae_wooded_promenade

Skill      XL: |  1  2  3  4  5  6  7  8  9 10 11 12 13 14 15 16 17 18 19 20 21 22 |
---------------+-------------------------------------------------------------------+-----
Fighting       | 1 2 4 6 7 9 10 12 13 15 16 17 18 19 20 | 20.9
Spellcasting   | 3 4 5 6 7 8 9 10 11 12 13 15 16 17 | 17.7
Invocations    | 2 4 6 7 9 10 11 12 | 12.1
Dodging        | 9 10 11 12 | 12.8
Evocations     | 5 |  5.5
Long Blades    | 2 7 8 |  8.0
Armour         | 2 5 6 |  6.2
Stealth        | |  1.5

Action                   |  1- 3 |  4- 6 |  7- 9 | 10-12 | 13-15 | 16-18 | 19-21 | 22-24 || total
-------------------------+-------+-------+-------+-------+-------+-------+-------+-------++-------
Melee: Staff             |     2 |     7 |       |       |     7 |     1 |     7 |       ||    24
       Falchion          |       |       |       |       |       |     2 |       |       ||     2
       Unarmed           |       |       |       |       |       |     1 |     4 |       ||     5
       Demon blade       |       |       |       |       |       |       |   125 |       ||   125
       Punch             |       |       |       |       |       |       |     1 |       ||     1
 Cast: Foxfire           |    60 |    82 |   182 |   415 |   421 |   384 |   283 |       ||  1827
       Scorch            |     3 |     7 |    29 |   149 |   263 |   186 |   243 |    10 ||   890
       Flame Wave        |       |     1 |     4 |    15 |    72 |    62 |    77 |     8 ||   239
       Inner Flame       |       |     3 |     1 |     3 |     1 |       |     1 |       ||     9
       Petrify           |       |       |       |     1 |     3 |       |     3 |       ||     7
       Iskenderun's Batt |       |       |       |       |    16 |    16 |    43 |       ||    75
       Dispersal         |       |       |       |       |     5 |     1 |    13 |     3 ||    22
       Storm Form        |       |       |       |       |       |     1 |     1 |       ||     2
       Kindle Blastspark |       |       |       |       |       |     1 |       |       ||     1
       Haunt             |       |       |       |       |       |       |    64 |     5 ||    69
       Tukima's Dance    |       |       |       |       |       |       |     4 |       ||     4
       Orb of Destructio |       |       |       |       |       |       |   162 |    39 ||   201
Invok: Lesser Servant of |       |       |       |       |     9 |       |     2 |       ||    11
       Major Destruction |       |       |       |       |     3 |     4 |       |       ||     7
       Minor Destruction |       |       |       |       |     1 |       |       |       ||     1
       Greater Servant o |       |       |       |       |       |     4 |     1 |       ||     5
Evoke: Wand              |       |       |       |       |     2 |       |       |       ||     2
       Condenser vane    |       |       |       |       |       |     1 |     3 |       ||     4
       Phial of floods   |       |       |       |       |       |     1 |       |       ||     1
  Use: Scroll            |       |       |     7 |    16 |    16 |     5 |    14 |     2 ||    60
       Potion            |       |       |       |     1 |     4 |     1 |     3 |       ||     9
 Stab: Sleeping          |       |       |       |       |       |       |     1 |       ||     1
Armor: Robe              |     1 |     5 |     1 |       |       |       |       |       ||     7
       Leather armour    |       |       |     4 |       |       |       |       |       ||     4
       Ring mail         |       |       |     1 |    41 |       |       |       |       ||    42
       Troll leather arm |       |       |       |     2 |    95 |    75 |   193 |    15 ||   380
       Skin              |       |       |       |       |       |       |     4 |       ||     4
Dodge: Dodged            |    13 |    19 |    12 |    90 |   420 |   251 |   503 |    30 ||  1338
       Repelled          |       |       |       |     1 |       |       |       |       ||     1
Block: Buckler           |       |       |       |       |       |       |   182 |    22 ||   204
       Other             |       |       |       |       |       |       |     2 |       ||     2
       Reflection        |       |       |       |       |       |       |     2 |       ||     2

Table legend: (Time is in decaauts)
 A = Elapsed time spent in this place.
 B = Non-inter-level travel time spent in this place.
 C = Inter-level travel time spent in this place.
 D = Time resting spent in this place.
 E = Time spent auto-exploring this place.
 F = Levels seen in this place.
 G = Mean time per level.
                   A        B        C        D        E       F      G
               +--------+--------+--------+--------+--------+-----+--------+
         Total |  36532 |  32136 |   4396 |   3129 |  21698 |  38 |  961.4 |
       Dungeon |  17319 |  14865 |   2454 |   1699 |  10095 |  15 | 1154.6 |
        Temple |     24 |     18 |      6 |      0 |     10 |   1 |   24.0 |
          Lair |   5481 |   4571 |    910 |    189 |   3444 |   5 | 1096.2 |
         Swamp |   3549 |   3313 |    236 |    143 |   2360 |   4 |  887.2 |
   Spider Nest |    113 |     95 |     18 |      0 |     70 |   1 |  113.0 |
  Orcish Mines |   1778 |   1564 |    214 |    316 |    812 |   2 |  889.0 |
   Elven Halls |     78 |     76 |      2 |      0 |     38 |   1 |   78.0 |
        Vaults |   1549 |   1487 |     62 |     79 |    941 |   2 |  774.5 |
        Depths |   5057 |   4565 |    492 |    703 |   2840 |   4 | 1264.2 |
        Bailey |   1159 |   1159 |      0 |      0 |    920 |   1 | 1159.0 |
      Ice Cave |    403 |    403 |      0 |      0 |    166 |   1 |  403.0 |
       Volcano |     17 |     17 |      0 |      0 |      2 |   1 |   17.0 |
               +--------+--------+--------+--------+--------+-----+--------+

Top non-repeatable levels by time:
    D:10: 1855 daAuts
Depths:1: 1798 daAuts
    D:14: 1754 daAuts
     D:6: 1740 daAuts
     D:7: 1627 daAuts
  Lair:5: 1533 daAuts
Vaults:1: 1531 daAuts
Depths:3: 1487 daAuts
     D:4: 1290 daAuts
  Lair:3: 1247 daAuts
Depths:2: 1236 daAuts
  Bailey: 1159 daAuts
 Swamp:4: 1143 daAuts
     D:8: 1111 daAuts
     D:2: 1102 daAuts
